 Dungeon Crawl Stone Soup version 0.20.0-15-g7f486f2 (console) character file.

69 bolko the Stinger (level 4, -4/30 HPs)
             Began as a Demonspawn Venom Mage on June 22, 2017.
             Slain by a river rat (6 damage)
             ... on level 3 of the Dungeon.
             The game lasted 00:02:31 (1096 turns).

bolko the Stinger (Demonspawn Venom Mage)           Turns: 1096, Time: 00:02:32

Health: -4/30      AC:  2    Str:  8    XL:     4   Next: 2%
Magic:  1/7        EV: 13    Int: 18    God:
Gold:   70         SH:  0    Dex: 13    Spells: 6/7 levels left

rFire    + . .     SeeInvis .   o - +0 spear
rCold    . . .     Gourm    .   (no shield)
rNeg     . . .     Faith    .   a - +0 robe
rPois    .         Spirit   .   (no helmet)
rElec    .         Reflect  .   (no cloak)
rCorr    .         Harm     .   (no gloves)
MR       .....                  (no boots)
Stlth    +.........             (no amulet)
Regen    0.1/turn               (no ring)
MPRegen  0.1/turn               m - ring of protection from fire

@: very slow
A: talons 1, powered by death 1
a: no special abilities


You were on level 3 of the Dungeon.
You were not hungry.

You visited 1 branch of the dungeon, and saw 3 of its levels.

You collected 70 gold pieces.

Inventory:

Hand Weapons
 d - a +0 short sword
 o - a +0 spear (weapon)
Armour
 a - a +0 robe (worn)
Jewellery
 l - an uncursed ring of ice
 m - a ring of protection from fire (right hand)
Scrolls
 e - 2 scrolls of immolation {unknown}
 f - 2 scrolls of identify {unknown}
 j - a scroll of random uselessness {unknown}
 k - a scroll of magic mapping {unknown}
 q - a scroll of teleportation {unknown}
Potions
 g - a potion of lignification {unknown}
 h - 2 potions of heal wounds {unknown}
 i - a potion of degeneration {unknown}
Books
 b - a Young Poisoner's Handbook

   Spells                             Type                      Level
   a - Sting                          Conjuration/Poison           1
   b - Poisonous Vapours              Poison/Air                   2
   c - Mephitic Cloud                 Conjuration/Poison/Air       3
   d - Olgreb's Toxic Radiance        Poison                       4
   e - Venom Bolt                     Conjuration/Poison           5
Comestibles
 c - a bread ration
 n - a royal jelly
 p - 3 fruits


   Skills:
 + Level 2.4 Dodging
 + Level 2.5 Stealth
 - Level 2.0 Spellcasting
 - Level 1.0 Conjurations
 * Level 4.1 Poison Magic


You had 6 spell levels left.
You knew the following spells:

 Your Spells              Type           Power        Failure   Level  Hunger
a - Sting                 Conj/Pois      ##..         6%          1    #......


Dungeon Overview and Level Annotations

Branches:
Dungeon (3/15)

Altars:

Portals:
Sewer: D:3


Innate Abilities, Weirdness & Mutations

You have sharp toenails.
You regenerate a little health from kills.


Message History

A river rat is nearby!
Casting: Sting
Confirm with . or Enter, or press ? or * to list all spells.
Aiming: Sting
Press: ? - help, Shift-Dir - straight line, f - river rat
Aim: a river rat The sting hits the river rat.
The river rat appears unharmed.
The river rat barely misses you.
You hit the river rat but do no damage. The river rat barely misses you.
Your unstable footing causes you to fumble your attack.
The river rat bites you!
* * * LOW HITPOINT WARNING * * *
You completely miss the river rat. The river rat barely misses you.
Casting: Sting
Confirm with . or Enter, or press ? or * to list all spells.
Aiming: Sting
Press: ? - help, Shift-Dir - straight line, f/p - river rat
Aim: a river rat The sting misses the river rat.
The river rat bites you.
You die...

#.##### #.÷.... ######
#.##### #≈≈#∩#
######.#### ##≈#≈#
#.........# ##≈#≈#
#.####.##.# #≈≈#≈# #.#
##.##.##
#≈##r####.###....... #
#≈≈@≈##.........#.##
#≈#†#####.#.##<.....#
#≈≈≈≈≈≈##.#.###...#.#
#########≈##.#.........#
#≈≈≈≈≈≈≈≈≈#......#..####
#≈≈#≈#≈#####.#####..#
##.≈.≈≈≈≈≈....#####..##
#......≈..............##
#...........######.....##


You could see a river rat.

Vanquished Creatures
  A river rat (D:3)
  3 adders
  2 worms (D:3)
  A leopard gecko (D:1)
  2 hobgoblins
  5 jackals
  2 bats (D:1)
  2 goblins (D:1)
  5 kobolds
  7 rats
30 creatures vanquished.

Notes
Turn   | Place    | Note
-------+----------+-------------------------------------------
     0 | D:1      | bolko the Demonspawn Venom Mage began the quest for the Orb.
     0 | D:1      | Reached XP level 1. HP: 13/13 MP: 3/3
   195 | D:1      | Gained mutation: You regenerate a little health from kills. [demonic ancestry]
   195 | D:1      | Reached XP level 2. HP: 14/19 MP: 0/5
   799 | D:2      | Reached XP level 3. HP: 10/24 MP: 0/6
  1057 | D:3      | Reached skill level 4 in Poison Magic
  1077 | D:3      | Gained mutation: You have sharp toenails. [demonic ancestry]
  1077 | D:3      | Reached XP level 4. HP: 5/30 MP: 1/7
  1091 | D:3      | Found a glowing drain.
  1096 | D:3      | Slain by a river rat

Skill      XL: |  1  2  3 |
---------------+----------+-----
Dodging        | 2 |  2.4
Stealth        | 2 |  2.5
Poison Magic   | 4 |  4.1
Spellcasting   | |  2.0
Conjurations   | |  1.0

Action                   |  1- 3 |  4- 6 || total
-------------------------+-------+-------++-------
Melee: Short sword       |    20 |       ||    20
       Spear             |    45 |     3 ||    48
 Cast: Sting             |    54 |     2 ||    56
  Eat: Chunk             |     1 |     1 ||     2
Armor: Robe              |    13 |       ||    13
Dodge: Dodged            |    53 |     3 ||    56
